AoeStats
← casbelt_3

Arabian Desert

510826010Analyzed
1v1 RM · 1d ago on Oct 2, 2026· 36m 7s· 2 players
Game mode
Random Map
Map size
Tiny (2 player)
Population
200
Speed
Normal
Resources
Standard
Victory
Conquest
Starting age
Dark Age
Ending age
Imperial Age
RankedLock teamsTeams togetherTeam positionsShared explorationLock speedFull tech treeHidden civsTurbo modeCheats
Victory
Defeat
🇲🇽 Georgians · Mexico
1227
+17
🇪🇸 Saxons · Spain
1241
-17
carlosalbertoalvarez0
11:15 Feudal Age
11:47 Loom
13:57 Double-Bit Axe
16:10 Scale Barding Armor
16:16 Forging
17:21 Scale Barding Armor
19:06 Bloodlines
19:06 Horse Collar
26:05 Castle Age
25:31 Gold Mining
27:21 Wheelbarrow
26:37 Light Cavalry
27:39 Chain Barding Armor
28:06 Husbandry
28:57 Iron Casting
28:54 Bow Saw
29:07 Fervor
29:18 Sanctity
30:24 Hand Cart
35:25 Heavy Plow
39:13 Imperial Age
casbelt_3
7:20 Loom
10:19 Feudal Age
11:40 Double-Bit Axe
15:52 Town Watch
16:32 Fletching
23:55 Castle Age
22:47 Padded Archer Armor
24:00 Crossbowman
25:27 Gold Mining
26:31 Bodkin Arrow
28:50 Wheelbarrow
29:30 Ballistics
Connection lost

Rejoining the realm…

Still unreachable

The connection could not be restored.

Session expired

The server has moved on; the page needs a fresh start.